 Dungeon Crawl Stone Soup version 0.21.1-1-g345015f (webtiles) character file.

4114 lotte the Fighter (level 10, -4/96 HPs)
             Began as a Deep Dwarf Berserker on June 24, 2018.
             Was a Priest of Trog.
             Slain by Hebeh's ghost (7 damage)
             ... on level 8 of the Dungeon.
             The game lasted 01:12:48 (7496 turns).

lotte the Fighter (Deep Dwarf Berserker)            Turns: 7496, Time: 01:12:49

Health: -4/96      AC: 17    Str: 24    XL:     10   Next: 6%
Magic:  9/9        EV: 10    Int:  8    God:    Trog [***...]
Gold:   73         SH:  0    Dex: 12    Spells: 9/9 levels left

rFire    . . .     SeeInvis .   E - +3 halberd (vamp)
rCold    . . .     Gourm    .   (shield currently unavailable)
rNeg     . . .     Faith    .   t - +0 plate armour
rPois    .         Spirit   .   A - +0 helmet
rElec    .         Reflect  .   q - +0 cloak
rCorr    .         Harm     .   G - +0 pair of gloves
MR       ++++.                  (no boots)
Stlth    ..........             (no amulet)
HPRegen  1.00/turn              l - ring of protection from magic
MPRegen  0.11/turn              z - +2 ring of evasion

@: about to teleport, berserk cooldown, non-regenerating
A: damage resistance, heal wounds, sense surroundings 2, no regeneration
a: Heal Wounds, Berserk, Trog's Hand, Burn Spellbooks, Renounce Religion


You were on level 8 of the Dungeon.
You worshipped Trog.
Trog was most pleased with you.
You were hungry.

You visited 2 branches of the dungeon, and saw 9 of its levels.

You collected 421 gold pieces.
You spent 348 gold pieces at shops.

Inventory:

Hand Weapons
 a - a +0 hand axe
 s - a +0 halberd of pain
 u - a +2 halberd of venom
 E - a +3 vampiric halberd (weapon)
Armour
 b - a +0 animal skin
 e - a +1 ring mail of fire resistance
 f - a +1 scale mail of magic resistance
 k - a +0 buckler
 q - a +0 cloak (worn)
 t - a +0 plate armour (worn)
 A - a +0 helmet (worn)
 D - a +0 leather armour of fire resistance
 G - a +0 pair of gloves (worn)
Magical Staves
 C - an uncursed staff of death {unknown}
 K - an uncursed staff of fire {unknown}
Jewellery
 l - a ring of protection from magic (left hand)
 z - a +2 ring of evasion (right hand)
 H - an uncursed ring of flight {unknown}
Wands
 N - a wand of flame (21)
Scrolls
 h - 2 scrolls of fear
 i - 3 scrolls of identify
 m - a scroll of enchant armour
 n - a scroll of teleportation
 r - 4 scrolls of immolation
 v - 3 scrolls of remove curse
 x - a scroll of magic mapping {unknown}
 y - a scroll of blinking {unknown}
 B - a scroll of fog
 J - a scroll of enchant weapon {unknown}
 M - a scroll of acquirement {unknown}
Potions
 d - 4 potions of agility
 g - a potion of degeneration {unknown}
 j - 3 potions of lignification
 o - 2 potions of brilliance
 p - a potion of curing
 w - a potion of mutation {unknown}
 I - a potion of heal wounds {unknown}
Books
 F - a book of Clouds

   Spells                             Type                      Level
   a - Poisonous Vapours              Poison/Air                   2
   b - Mephitic Cloud                 Conjuration/Poison/Air       3
   c - Conjure Flame                  Conjuration/Fire             3
   d - Freezing Cloud                 Conjuration/Ice/Air          6
   e - Ring of Flames                 Charms/Fire                  7
   Trog disapproves of the use of such an item.
Comestibles
 c - 3 rations
 L - 2 chunks of flesh


   Skills:
 * Level 8.2 Fighting
 - Level 6.2(8.5) Axes
 + Level 7.5(8.3) Polearms
 + Level 8.0 Armour
 - Level 2.2 Dodging
 - Level 0.2 Shields


You had 9 spell levels left.
You didn't know any spells.

Dungeon Overview and Level Annotations

Branches:
Dungeon (8/15)             Temple (1/1) D:5
   Lair: D:8-11

Altars:
Dithmenos
Elyvilon
Fedhas
Gozag
Nemelex Xobeh
Okawaru
Qazlal
Ru
Sif Muna
Trog
Wu Jian
Xom
Zin

Shops:
D:4 (   D:5 =   D:6 =

Annotations:
D:8 Hebeh's ghost, novice MiFi


Innate Abilities, Weirdness & Mutations

You are resistant to damage.
You can heal yourself by infusing magical energy.
You passively map the area around you.
You do not regenerate.


Message History

You completely miss Hebeh's ghost.
Hebeh's ghost is heavily damaged.
Hebeh's ghost stares at you. Hebeh's ghost barely misses you.
You hit Hebeh's ghost but do no damage.
Hebeh's ghost is heavily damaged.
Hebeh's ghost hits you but does no damage.
Hebeh's ghost hits you!
* * * LOW HITPOINT WARNING * * *
You are electrocuted!
* * * LOW HITPOINT WARNING * * *
As you read the scroll of teleportation, it crumbles to dust.
You feel strangely unstable.
You feel yourself speed up. Hebeh's ghost hits you.
Hebeh's ghost hits you but does no damage.
You are electrocuted!
* * * LOW HITPOINT WARNING * * *
Hebeh's ghost hits you.
You are electrocuted!
You die...

###.#....#..# #.##.# # *#.
######>†.#...##.######....# #. #.
§§.....#####<...........#.#*#.##.
§#####...#...##.######...........
§# ###.#.##[....# #..###.###.. §#
... #.#.#.####..###...... §#
##.###.#.........<######.. §# #.#
#.###.####........... §# # #
#..[@.# #...######## .# ,
####.W####.### .# * ##....l.≈≈#.#
.# #..PP...≈≈≈≈## .#
*#P._...?._.≈.## .##
##..PPP.≈≈.§...# ..# *
...........#...# #.#
####.###........######## #.# #.
#####............


You could see an iguana and Hebeh's ghost.

Vanquished Creatures
  A cyclops (D:8)
  A hippogriff (D:5)
  The ghost of RottenKnight the Caller, an amateur MfSu of Sif Muna (D:4)
  A water moccasin (D:2)
  Edmund (D:5)
  3 orc warriors
  An ice beast (D:3)
  3 phantoms
  4 centaurs
  6 ogres
  Blork the orc (D:5)
  2 big kobolds (D:7)
  4 bullfrogs
  A gnoll sergeant (D:7)
  A scorpion (D:6)
  3 killer bees
  4 hounds
  2 jellies (D:7)
  2 orc priests (D:7)
  6 orc wizards
  2 bullfrog skeletons (D:6)
  Jessica (D:2)
  3 iguanas
  5 worker ants
  A hound zombie (D:8)
  14 adders
  6 gnolls
  A howler monkey skeleton (D:6)
  2 shadow imps
  An ooze (D:5)
  An adder skeleton (D:3)
  4 worms
  2 dart slugs
  6 leopard geckos
  17 orcs
  3 ball pythons
  5 giant cockroaches
  5 hobgoblins
  7 jackals
  3 quokkas
  7 bats
  3 frilled lizards
  11 goblins
  A jackal zombie (D:5)
  16 kobolds
  5 rats
180 creatures vanquished.

Vanquished Creatures (others)
  3 fungi (D:8)
  A plant (D:8)
4 creatures vanquished.

Grand Total: 184 creatures vanquished

Notes
Turn   | Place    | Note
-------+----------+-------------------------------------------
     0 | D:1      | lotte the Deep Dwarf Berserker began the quest for the Orb.
     0 | D:1      | Reached XP level 1. HP: 20/20 MP: 1/1
   287 | D:1      | Reached XP level 2. HP: 17/27 MP: 2/2
   789 | D:2      | Noticed Jessica
   790 | D:2      | Noticed a water moccasin
   800 | D:2      | Reached XP level 3. HP: 25/34 MP: 3/3
   808 | D:2      | Killed Jessica
   810 | D:2      | Reached ** piety under Trog
   823 | D:2      | Killed a water moccasin
   823 | D:2      | Reached XP level 4. HP: 11/44 MP: 4/4
   823 | D:2      | Reached XP level 5. HP: 12/50 MP: 5/5
  1824 | D:3      | Reached skill level 5 in Axes
  1833 | D:3      | Noticed an ice beast
  1862 | D:3      | Reached XP level 6. HP: 11/58 MP: 6/6
  1864 | D:3      | Killed an ice beast
  1994 | D:3      | Found a white marble altar of Elyvilon.
  2136 | D:3      | Reached XP level 7. HP: 66/66 MP: 7/7
  2579 | D:4      | Found Ympoluc's Weapon Shop.
  2756 | D:4      | Found an iron altar of Okawaru.
  2756 | D:4      | Noticed RottenKnight's ghost (amateur MfSu)
  2777 | D:4      | Killed RottenKnight's ghost
  2777 | D:4      | Reached skill level 5 in Fighting
  2792 | D:4      | Reached skill level 5 in Armour
  2879 | D:4      | Paralysed by fainting for 9 turns
  2902 | D:4      | Paralysed by fainting for 11 turns
  3336 | D:5      | Entered Level 5 of the Dungeon
  3338 | D:5      | Noticed Blork the orc
  3343 | D:4      | HP: 2/67 [ogre/giant spiked club (5)]
  3347 | D:5      | Noticed Edmund
  3373 | D:5      | Killed Edmund
  3373 | D:5      | Reached skill level 1 in Polearms
  3456 | D:5      | Killed Blork the orc
  3456 | D:5      | Reached XP level 8. HP: 53/76 MP: 8/8
  3542 | D:5      | Noticed a hippogriff
  3556 | D:5      | Killed a hippogriff
  3571 | D:5      | Found Wighab's Jewellery Shop.
  3622 | D:5      | Found a sparkling altar of Nemelex Xobeh.
  4264 | D:5      | Found a staircase to the Ecumenical Temple.
  4270 | Temple   | Entered the Ecumenical Temple
  4610 | D:6      | Found a sacrificial altar of Ru.
  4876 | D:6      | Found a shimmering altar of Xom.
  5106 | D:6      | Found Ytraw's Jewellery Boutique.
  5407 | D:7      | Gained mutation: You passively map the area around you. [Deep Dwarf growth]
  5407 | D:7      | Reached XP level 9. HP: 46/86 MP: 9/9
  5529 | D:7      | Reached skill level 5 in Polearms
  5611 | D:7      | Paralysed by fainting for 12 turns
  5682 | D:7      | Paralysed by fainting for 6 turns
  5688 | D:7      | Paralysed by fainting for 7 turns
  5708 | D:6      | Paralysed by fainting for 11 turns
  5892 | D:4      | Bought a +3 vampiric halberd for 348 gold pieces
  6346 | D:7      | Found a shadowy altar of Dithmenos.
  6832 | D:8      | Found a stormy altar of Qazlal.
  6847 | D:8      | Reached *** piety under Trog
  7028 | D:8      | Found an opulent altar of Gozag.
  7120 | D:8      | Found a glowing silver altar of Zin.
  7247 | D:8      | Noticed a cyclops
  7278 | D:8      | Killed a cyclops
  7278 | D:8      | Reached XP level 10. HP: 96/96 MP: 9/9
  7431 | D:8      | Found a blossoming altar of Fedhas.
  7441 | D:8      | Noticed Hebeh's ghost (novice MiFi)
  7495 | D:8      | HP: 2/96 [Hebeh's ghost (17)]
  7496 | D:8      | Slain by Hebeh's ghost

Skill      XL: |  1  2  3  4  5  6  7  8  9 10 |
---------------+-------------------------------+-----
Fighting       | 3 4 5 7 8 |  8.2
Axes           | 4 5 6 |  6.2
Armour         | 3 4 5 6 7 8 |  8.0
Polearms       | 2 4 7 |  7.5
Dodging        | |  2.2
Shields        | |  0.2

Action                   |  1- 3 |  4- 6 |  7- 9 | 10-12 || total
-------------------------+-------+-------+-------+-------++-------
Melee: Hand axe          |   100 |   114 |    86 |       ||   300
       Halberd           |       |       |   362 |    34 ||   396
Invok: Berserk           |     1 |     2 |     2 |     1 ||     6
       Trog's Hand       |       |     8 |    14 |     2 ||    24
 Abil: Heal Wounds       |     1 |       |     5 |     1 ||     7
  Use: Scroll            |       |       |    11 |     2 ||    13
       Potion            |       |       |     1 |     1 ||     2
  Eat: Ration            |       |     2 |     8 |       ||    10
       Chunk             |       |     1 |     4 |     1 ||     6
Armor: Animal skin       |    10 |       |       |       ||    10
       Ring mail         |     7 |       |       |       ||     7
       Scale mail        |    40 |    65 |    29 |       ||   134
       Plate armour      |       |       |   211 |    11 ||   222
Dodge: Dodged            |    78 |    97 |   212 |     9 ||   396
Block: Buckler           |       |     8 |    15 |       ||    23
